 Dungeon Crawl Stone Soup version 0.23.0 (webtiles) character file.

Game seed: 124881549761865358

127 kaze the Chopper (level 5, -6/46 HPs)
             Began as a Hill Orc Berserker on Feb 11, 2019.
             Was a Believer of Trog.
             Mangled by Terence
             ... wielding a +0 flail
              (7 damage)
             ... on level 2 of the Dungeon.
             The game lasted 00:03:20 (1638 turns).

kaze the Chopper (Hill Orc Berserker)               Turns: 1638, Time: 00:03:21

Health: -6/46      AC:  3    Str: 21    XL:     5   Next: 11%
Magic:  5/5        EV: 12    Int:  7    God:    Trog [**....]
Gold:   77         SH:  0    Dex: 10    Spells: 4/4 levels left

rFire    . . .     SeeInvis .   a - +0 hand axe
rCold    . . .     Gourm    .   (no shield)
rNeg     . . .     Faith    .   f - +0 leather armour
rPois    .         Spirit   .   (no helmet)
rElec    .         Reflect  .   (no cloak)
rCorr    .         Harm     .   (no gloves)
MR       .....                  (no boots)
Stlth    +.........             (no amulet)
HPRegen  0.15/turn              (no ring)
MPRegen  0.09/turn              (no ring)

@: berserk cooldown, slowed, very slow
A: no striking features
a: Berserk, Trog's Hand, Renounce Religion


You were on level 2 of the Dungeon.
You worshipped Trog.
Trog was pleased with you.
You were not hungry.

You visited 1 branch of the dungeon, and saw 2 of its levels.

You collected 77 gold pieces.

Inventory:

Hand Weapons
 a - a +0 hand axe (weapon)
Armour
 f - a +0 leather armour (worn)
Scrolls
 d - 2 scrolls of remove curse
Potions
 e - a potion of heal wounds {unknown}
 g - a potion of brilliance {unknown}
Comestibles
 c - 3 rations


   Skills:
 + Level 4.2 Fighting
 + Level 5.9 Axes
 + Level 2.5 Armour
 + Level 2.4 Dodging
 + Level 0.4 Stealth


You had 4 spell levels left.
You didn't know any spells.
Your spell library was empty.

Dungeon Overview and Level Annotations

Branches:
Dungeon (2/15)

Altars:

Annotations:
D:2 Terence


Message History

* * * LOW HITPOINT WARNING * * *
The rat barely misses you. Terence says, "Did you write a will?
You should..."
The rat bites you.
* * * LOW HITPOINT WARNING * * *
You closely miss the rat. The rat barely misses you.
You hit the rat.
You kill the rat!
Trog accepts your kill.
You closely miss Terence. Terence closely misses you.
Terence hits you with a +0 flail!
* * * LOW HITPOINT WARNING * * *
Okay, then.
You hit Terence but do no damage. Terence looks scornfully at you.
Terence closely misses you.
You hit Terence.
Terence is moderately wounded.
Terence hits you with a +0 flail!
You die...

###......####.#######.######
.... #............. .######
..... #......####.### #....
..... #......# #.# # #.###
.....###......# #(#
#.#.##.###
..............####.#
#........#
.....(.............#
#........#
..............########
#........† #..........@@....#
#.........
#....###########†##########..
#....# #..........# ###
#...@# #.###.####.# #....#
#.....# #.####### #....#
####### #........
#..............##############
#............................
#............................


You could see Terence.

Vanquished Creatures
  6 adders (D:2)
  2 oozes
  A worm (D:2)
  5 dart slugs
  2 ball pythons
  4 bats
  2 giant cockroaches (D:1)
  7 goblins
  6 hobgoblins
  6 jackals
  A frilled lizard (D:1)
  3 kobolds (D:1)
  7 rats
52 creatures vanquished.

Vanquished Creatures (others)
  4 toadstools (D:1)
4 creatures vanquished.

Grand Total: 56 creatures vanquished

Notes
Turn   | Place    | Note
-------+----------+-------------------------------------------
     0 | D:1      | kaze the Hill Orc Berserker began the quest for the Orb.
     0 | D:1      | Reached XP level 1. HP: 19/19 MP: 1/1
   114 | D:1      | Reached XP level 2. HP: 21/27 MP: 2/2
   441 | D:1      | Reached XP level 3. HP: 22/33 MP: 3/3
   443 | D:1      | Reached ** piety under Trog
   892 | D:2      | Reached skill level 5 in Axes
   904 | D:2      | Reached XP level 4. HP: 26/40 MP: 4/4
  1611 | D:2      | Reached XP level 5. HP: 17/46 MP: 5/5
  1621 | D:2      | Noticed Terence
  1636 | D:2      | HP: 1/46 [Terence/+0 flail (9)]
  1638 | D:2      | Mangled by Terence

Skill      XL: |  1  2  3 |
---------------+----------+-----
Fighting       | 4 |  4.2
Axes           | 5 |  5.9
Dodging        | 2 |  2.4
Armour         | |  2.5
Stealth        | |  0.4

Action                   |  1- 3 |  4- 6 || total
-------------------------+-------+-------++-------
Melee: Hand axe          |   127 |    76 ||   203
Invok: Berserk           |       |     2 ||     2
       Trog's Hand       |       |     1 ||     1
  Use: Scroll            |     3 |     4 ||     7
 Stab: Sleeping          |     2 |       ||     2
  Eat: Chunk             |       |     3 ||     3
       Ration            |       |     1 ||     1
Armor: Animal skin       |    19 |     7 ||    26
       Leather armour    |       |     5 ||     5
Dodge: Dodged            |    74 |    69 ||   143
